 Dungeon Crawl Stone Soup version 0.30.0-29-ga12c61a403 (webtiles) character file.

Game seed: 1848136637169542740

473 Irreverend the Cudgeller (level 7, -8/44 HPs)
             Began as a Gargoyle Fighter on June 3, 2023.
             Killed by divine providence
             ... invoked by an orc priest
              (13 damage)
             ... on level 5 of the Dungeon.
             The game lasted 00:04:19 (3763 turns).

Irreverend the Cudgeller (Gargoyle Fighter)         Turns: 3763, Time: 00:04:20

Health: -8/44      AC: 13    Str: 22    XL:     7   Next: 10%
Magic:  7/7        EV:  9    Int:  8    God:
Gold:   345        SH:  4    Dex:  9    Spells: 6/6 levels left

rFire   . . .        v - +0 whip
rCold   . . .        c - +0 buckler
rNeg    + . .        b - +0 scale mail
rPois   ∞            (no helmet)
rElec   +            (no cloak)
rCorr   .            f - +0 pair of gloves
SInv    .            (no boots)
Will    .....        (no amulet) Stlth
                     (no ring)
HPRegen 0.27/turn    (no ring)
MPRegen 0.10/turn

%: no passive effects
@: no status effects
A: sickness immunity, AC +4, negative energy resistance 1, electricity
resistance, torment resistance 1, petrification resistance
a: no special abilities


You were on level 5 of the Dungeon.
You visited 1 branch of the dungeon, and saw 5 of its levels.

You collected 345 gold pieces.

Inventory:

Hand Weapons
 a - a +0 flail
 v - a +0 whip (weapon)
Missiles
 j - 2 javelins (quivered)
Armour
 b - a +0 scale mail (worn)
 c - a +0 buckler (worn)
 f - a +0 pair of gloves (worn)
 i - a +0 ring mail
Jewellery
 g - a ring of wizardry
Wands
 l - a wand of iceblast (5)
Scrolls
 e - a scroll of poison {unknown}
 h - 3 scrolls of enchant weapon {unknown}
 k - a scroll of teleportation {unknown}
 n - 5 scrolls of identify {unknown}
 o - a scroll of blinking {unknown}
 p - a scroll of brand weapon {unknown}
 w - a scroll of amnesia {unknown}
Potions
 d - 2 potions of brilliance {unknown}
 m - a potion of mutation {unknown}
 q - a potion of ambrosia {unknown}
 r - a potion of attraction {unknown}
 s - a potion of resistance {unknown}
 t - a potion of berserk rage {unknown}
 u - a potion of cancellation {unknown}
 x - a potion of curing


   Skills:
 + Level 4.8 Fighting
 * Level 4.9 Maces & Flails
 + Level 4.8 Armour
 + Level 4.7 Shields


You had 6 spell levels left.
You didn't know any spells.
Your spell library contained the following spells:

 Spells                   Type           Power      Damage    Failure   Level
 Magic Dart               Conj           0%         1d3       78%         1
 Shock                    Conj/Air       0%         1d3       78%         1
 Searing Ray              Conj           0%         2d4       89%         2
 Wereblood                Tmut           0%         N/A       89%         2
 Ignite Poison            Fire/Tmut/Pois 0%         N/A       98%         3
 Fulminant Prism          Conj/Hex       0%         3d5       100%        4
 Sticky Flame             Conj/Fire      0%         2d3       100%        4
 Irradiate                Conj/Tmut      0%         3d11      100%        5
 Starburst                Conj/Fire      0%         6d3       100%        6
 Spellforged Servitor     Conj/Summ      0%         N/A       100%        7
 Summon Hydra             Summ           0%         N/A       100%        7
 Ignition                 Fire           0%         3d3       100%        8
 Sublimation of Blood     Necr           Unusable   N/A       N/A         2

Dungeon Overview and Level Annotations

Branches:
Dungeon (5/15)
 Temple: D:4-7

Altars:
Gozag
Nemelex Xobeh
Vehumet
Wu Jian
Zin
The Shining One

Shops:
D:1 [   D:5 *


Innate Abilities, Weirdness & Mutations

You are immune to sickness and miasma.
Your stone body is resilient. (AC +4)
You are immune to poison.
You resist negative energy. (rN+)
You are resistant to electric shocks. (rElec)
You are resistant to unholy torment.
You are immune to petrification.


Message History

You closely miss the orc. You block the orc's attack.
You hit the orc but do no damage. The orc barely misses you.
You hit the orc but do no damage. The orc misses you.
You hit the orc.
The orc is heavily wounded.
The orc hits you with a +0 whip.
You hit the orc but do no damage.
The orc is heavily wounded.
The orc closely misses you.
You hit the orc.
You kill the orc!
You closely miss the orc priest.
The orc priest calls down the wrath of Beogh upon you.
Beogh smites you!
* * * LOW HITPOINT WARNING * * *
You hit the orc priest.
The orc priest is moderately wounded.
The orc priest hits you with a +0 mace!
* * * LOW HITPOINT WARNING * * *
You barely miss the orc priest.
The orc priest is moderately wounded.
The orc priest hits you with a +0 mace.
* * * LOW HITPOINT WARNING * * *
You hit the orc priest but do no damage.
The orc priest is moderately wounded.
You barely miss the orc priest.
The orc priest is moderately wounded.
The orc priest barely misses you.
You hit the orc priest.
The orc priest is moderately wounded.
You block the orc priest's attack.
You completely miss the orc priest.
The orc priest is moderately wounded.
The orc priest hits you with a +0 mace.
* * * LOW HITPOINT WARNING * * *
You hit the orc priest but do no damage.
The orc priest is moderately wounded.
The orc priest invokes the aid of Beogh against you.
Beogh smites you!
You die...

..#....#.####.#.######
####.#....#.#.#
#.####.#.#.#######
#.#......#........
#.#.##÷###.#######
#.#.##....###
#.#.##....'.#
#.#.######### #@#.#
.... #o### .....
#.####...#...##.
#......#.'..####
######.###o.#### ###
o.##. .... ... ##


You could see an orc priest.

Vanquished Creatures
  A phantom (D:5)
  A scorpion (D:4)
  3 hounds
  An orc priest (D:4)
  Jessica (D:3)
  A sleepcap (D:4)
  4 gnolls (D:3)
  5 adders
  A worm (D:2)
  4 dart slugs
  7 orcs
  3 ball pythons
  4 bats
  4 endoplasms
  8 giant cockroaches
  5 goblins
  4 hobgoblins
  10 quokkas
  3 frilled lizards
  4 kobolds
  2 rats (D:1)
76 creatures vanquished.

Notes
Turn   | Place    | Note
-------+----------+-------------------------------------------
     0 | D:1      | Irreverend the Gargoyle Fighter began the quest for the
                  | Orb.
     0 | D:1      | Reached XP level 1. HP: 14/14 MP: 1/1
    44 | D:1      | Reached XP level 2. HP: 10/19 MP: 2/2
   236 | D:1      | Found Netz's Armour Shop.
   360 | D:1      | Reached XP level 3. HP: 20/23 MP: 3/3
   955 | D:2      | Found a radiant altar of Vehumet.
  1079 | D:3      | Found a glowing golden altar of the Shining One.
  1226 | D:3      | Noticed Jessica
  1237 | D:3      | Killed Jessica
  1238 | D:3      | Reached XP level 4. HP: 25/29 MP: 4/4
  1362 | D:3      | Found a sparkling altar of Nemelex Xobeh.
  1580 | D:3      | Reached XP level 5. HP: 33/33 MP: 5/5
  2543 | D:4      | Reached XP level 6. HP: 16/39 MP: 6/6
  2695 | D:4      | Found an opulent altar of Gozag.
  2830 | D:4      | Got the Octavo of Battling
  3030 | D:4      | Found an ornate altar of the Wu Jian Council.
  3296 | D:5      | Entered Level 5 of the Dungeon
  3419 | D:5      | Reached XP level 7. HP: 27/44 MP: 7/7
  3534 | D:5      | Found Zin's Purification Station.
  3546 | D:5      | Found a glowing silver altar of Zin.
  3763 | D:5      | Killed from afar by an orc priest

Illustrated notes

Levels and vault maps discovered:
D:1:      dpeg_arrival_tiny_h, layout_rooms, serial_shops, shop,
          roderic_lattice_a
D:2:      layout_rooms, basic_altar, moated_statue
D:3:      layout_basic, amcnicky_altar_gilded, nemelex_spade_bored_becter,
          gup_sewer_entry_pipe, uniq_jessica
D:4:      layout_loops_ring, nicolae_wu_jian_immortal_techniques,
          lemuel_round_altar
D:5:      layout_basic, zin_purify, mainiacjoe_overflow_catwalk_spiral,
          minmay_temple_entry_nine_rooms, kennysheep_another_room

Skill      XL: |  1  2  3  4  5 |
---------------+----------------+-----
Maces & Flails | 3 4 |  4.9
Fighting       | 4 |  4.8
Armour         | 4 |  4.8
Shields        | 4 |  4.7

Action                     |  1- 3 |  4- 6 |  7- 9 || total
---------------------------+-------+-------+-------++-------
  Melee: Flail             |    85 |   172 |       ||   257
         Whip              |       |   103 |    36 ||   139
    Use: Potion            |     2 |       |       ||     2
 Armour: Scale mail        |    38 |   124 |     4 ||   166
  Dodge: Dodged            |    53 |   126 |    12 ||   191
  Block: Buckler           |    29 |    61 |     5 ||    95
